[Event "*** Titled Tuesday Blitz"]
[Site "Chess.com"]
[Date "2021.03.30"]
[Round "7"]
[White "vovachesss"]
[Black "gui_borba"]
[Result "1-0"]
[WhiteElo "2649"]
[BlackElo "2437"]
[TimeControl "180+1"]
[EndTime "11:19:18 PDT"]
[Termination "vovachesss won by resignation"]

1. d4 Nf6 2. Bf4 e6 3. Nf3 b6 4. e3 Bb7 5. h3 Bd6 6. Bd3 O-O 7. O-O Bxf4 8. exf4 c5 9. dxc5 bxc5 10. Nc3 Nc6 11. Qe2 Rb8 12. Rad1 Nd4 13. Nxd4 cxd4 14. Nb5 Qb6 15.
b3 Nd5 16. Qe5 f6 17. Qxd4 Qxd4 18. Nxd4 Nxf4 19. f3 Rfc8 20. c4 d5 21. cxd5 Bxd5 22. Rfe1 Kf7 23. Be4 Bxe4 24. Rxe4 e5 25. Ne2 Nxe2+ 26.
Rxe2 Rc7 27. Kf2 Ke7 28. Rd5 Rd8 29. Ra5 Rd1 30. b4 Rb1 31. b5 h5 32. a4 h4 33.
f4 Ke6 34. fxe5 fxe5 35. Ra6+ Kf5 36. Rd6 Kf4 37. Rg6 Rcc1 38. Rg4+ Kf5 39. Rxh4 Rf1+ 40. Kg3 Rf4 41. Rh5+ Kf6 42. Rhxe5 Rxa4 43. Re6+ Kf7 44. Re7+ Kg6 45. R2e6+ Kh7 46. Re5 Rab4 47. Rg5 R1b3+ 48.
Kh2 Rxb5 49. Rexg7+ Kh6 50. Rxb5 Rxb5 51. Rxa7 Rb2 52.
Ra3 Kh5 53. Ra5+ Kh4 54. Ra4+ Kh5 55. h4 Rc2 56. Kh3 Rc3+ 57. g3 Kh6 58. Ra6+ Kh7 59.
h5 Rc1 60. Kh4 Rc5 61. g4 Rd5 62. Ra7+ Kh8 63. h6 Rc5 64. g5 Rc1 65. Kh5 Rc6 66.
Ra8+ Kh7 67. g6+ Rxg6 68. Ra7+ 1-0

[Event "*** Titled Tuesday Blitz"]
[Site "Chess.com"]
[Date "2021.03.30"]
[Round "7"]
[White "biostatistician"]
[Black "ViktoriyaTarasova"]
[Result "1-0"]
[WhiteElo "2544"]
[BlackElo "2408"]
[TimeControl "180+1"]
[EndTime "11:19:18 PDT"]
[Termination "biostatistician won by checkmate"]

1. d4 Nf6 2. Nf3 e6 3. c4 b6 4. Nc3 Bb4 5. Qc2 Bb7 6. a3 Bxc3+ 7. Qxc3 Be4 8. Bg5 h6 9. Bh4 g5 10. Bg3 d6 11. Nd2 Bb7 12. f3 Nbd7 13. e4 Nh5 14.
Bf2 e5 15. O-O-O Qe7 16. h4 O-O-O 17. g3 Kb8 18. Bh3 c5 19. d5 Ndf6 20. Nf1 Bc8 21. Bxc8 Rxc8 22. Ne3 Ng7 23. Rh2 Qd7 24. Rdh1 g4 25. Nc2 Ngh5 26. Rf1 gxf3 27. Qxf3 Qg4 28. Qxg4 Nxg4 29. Rg2 Ngf6 30. Be1 Nxe4 31. Rxf7 Rcf8 32. Rxf8+ Rxf8 33. g4 Nf4 34. Rh2 Nd3+ 35. Kd1 Ndf2+ 36. Bxf2 Nxf2+ 37. Ke2 Nxg4 38. Rg2 Rf4 39. b3 h5 40.
a4 Kb7 41. Rg3 a6 42. Rf3 Rxf3 43. Kxf3 b5 44. axb5 axb5 45. Ke4 Kb6 46. Kf5 bxc4 47. bxc4 Ka5 48. Kg5 e4 49. Kxh5 e3 50. Kxg4 e2 51. h5 Ka4 52. h6 Kb3 53. Ne1 Kc3 54. h7 Kd2 55. Nf3+ Kd1 56. h8=Q e1=Q 57. Qa1+ Kc2 58. Qxe1 Kb3 59. Qc1 Ka4 60. Qb2 Ka5 61. Qb5# 1-0

[Event "*** Titled Tuesday Blitz"]
[Site "Chess.com"]
[Date "2021.03.30"]
[Round "7"]
[White "Zhigalko_Sergei"]
[Black "Keranke"]
[Result "1/2-1/2"]
[WhiteElo "2897"]
[BlackElo "2802"]
[TimeControl "180+1"]
[EndTime "11:19:20 PDT"]
[Termination "Game drawn - insufficient material"]

1. e4 d5 2. exd5 Qxd5 3. Nc3 Qd6 4. d4 Nf6 5. Nf3 a6 6. Bd3 Nc6 7. Ne4 Nxe4 8. Bxe4 Bg4 9. c3 O-O-O 10. h3 Bh5 11.
O-O e6 12. Re1 Be7 13. Qb3 Bg6 14. Bxc6 Qxc6 15. Ne5 Qd5 16. Bf4 Qxb3 17. axb3 Bd6 18. b4 Rhe8 19. b5 Bxe5 20. Rxe5 axb5 21. Rxb5 b6 22. Ra7 Re7 23. Rxb6 cxb6 24. Rxe7 Rd7 25. Re8+ Rd8 26. Re7 Rd7 27. Re8+ Rd8 28. Rxd8+ Kxd8 29. Kf1 Bd3+ 30. Ke1 Kd7 31. h4 h5 32. Kd2 Bf1 33. g3 Kc6 34. b3 b5 35. Be5 g6 36. Ke3 Kd7 37. Bb8 Kc6 38. Ke4 Be2 39. Ke5 Bd1 40.
Kf6 Bxb3 41. Kxf7 e5+ 42. Kxg6 exd4 43. cxd4 b4 44. Bf4 Bd1 45. Bd2 b3 46. Bc3 Kd5 47. Kf5 Kc4 48. Ba1 Kd3 49. d5 Bg4+ 50. Kf6 Ke4 51.
d6 Kf3 52. Bd4 Ke4 53. Bb2 Kf3 54. Ke7 Kxf2 55. d7 Bxd7 56. Kxd7 Kxg3 57. Kc6 Kxh4 58. Kb5 Kg4 59. Kb4 h4 60. Kxb3 h3 61. Be5 h2 62.
Bxh2 1/2-1/2

[Event "*** Titled Tuesday Blitz"]
[Site "Chess.com"]
[Date "2021.03.30"]
[Round "7"]
[White "DanielNaroditsky"]
[Black "Hikaru"]
[Result "1/2-1/2"]
[WhiteElo "3051"]
[BlackElo "3211"]
[TimeControl "180+1"]
[EndTime "11:19:21 PDT"]
[Termination "Game drawn by stalemate"]

1. e4 e5 2. Nf3 Nc6 3. Nc3 Nf6 4. g3 Bc5 5. Bg2 d6 6. O-O a6 7. d3 O-O 8. h3 h6 9. Kh2 Nh7 10. Nh4 Be6 11. Nf5 Nd4 12. Nxd4 Bxd4 13. f4 exf4 14. gxf4 Qh4 15. f5 Be5+ 16. Kg1 Qg3 17. Ne2 Qh2+ 18. Kf2 Bf6 19. Bf4 Bh4+ 20. Ng3 g5 21. Rh1 gxf4 22.
Rxh2 fxg3+ 23. Kf1 gxh2 24. Qg4+ Bg5 25. h4 Nf6 26. Qg3 Nh5 27. Qg4 Nf6 28. Qg3 Nh5 29.
Qf3 Bf6 30. Qxh5 Bd7 31. Qxh6 Bg7 32. Qg5 f6 33. Qf4 Kh7 34. Ke2 Bh6 35. Qxh2 Rae8 36. Bf3 Bxf5 37. Rf1 Bd7 38. Rg1 f5 39. Kd1 Bc6 40.
Bh5 Re6 41. exf5 Rxf5 42. Bg4 Rfe5 43. Qf2 Re7 44. Bf5+ Kh8 45. Be4 Bxe4 46. dxe4 Rxe4 47. Qf6+ Bg7 48. Qg5 R4e5 49. Qg2 c6 50. c3 d5 51. Qg6 R5e6 52. Qf5 Rf6 53. Qc8+ Kh7 54. Qg4 Ref7 55. Qh5+ Kg8 56. Qe2 Rf2 57. Qe8+ Kh7 58. h5 Rxb2 59. Qxf7 Rb1+ 60. Kc2 Rxg1 61. Qxb7 Rg2+ 62.
Kb3 Rg3 63. Qxc6 Rxc3+ 64. Qxc3 Bxc3 65. Kxc3 Kh6 66. Kd4 Kxh5 67. a4 Kg5 68. Kxd5 Kf6 69. Kc6 Ke7 70. a5 Kd8 71. Kb7 Kd7 72. Kxa6 Kc8 73.
Ka7 Kc7 74. a6 Kc8 75. Ka8 Kc7 76. a7 Kc8 1/2-1/2

[Event "*** Titled Tuesday Blitz"]
[Site "Chess.com"]
[Date "2021.03.30"]
[Round "7"]
[White "Supernotar"]
[Black "Onischuk_V"]
[Result "1-0"]
[WhiteElo "2723"]
[BlackElo "2871"]
[TimeControl "180+1"]
[EndTime "11:19:21 PDT"]
[Termination "Supernotar won by checkmate"]

1. d4 d6 2. c4 e5 3. Nc3 exd4 4. Qxd4 Nc6 5. Qd2 Nf6 6. b3 a5 7. Bb2 a4 8. Rc1 axb3 9. axb3 Bf5 10. Nf3 Ne5 11.
Nd4 Bg6 12. e3 Be7 13. Be2 O-O 14. O-O c5 15. Ndb5 Nc6 16. Rfd1 Na5 17. Bf3 Nxb3 18. Qe2 Nxc1 19. Rxc1 Qd7 20. Rd1 Rfe8 21. Nd5 Nxd5 22.
Bxd5 Bf8 23. Qd2 Ra2 24. Qc3 Rea8 25. h3 R8a4 26. e4 Rb4 27. Ba1 Qe7 28. Nxd6 Qxd6 29. Bxf7+ Bxf7 30. Rxd6 Rxa1+ 31. Qxa1 Bxd6 32. e5 Bf8 33.
f4 Bg6 34. Qa8 Rb1+ 35. Kh2 Rb2 36. Kg1 Re2 37. g4 Be4 38. e6 Bc6 39. f5 h6 40.
Qd8 Re4 41. Kf2 g6 42. Kg3 gxf5 43. gxf5 Re5 44. Qf6 Bg7 45. Qf7+ Kh8 46. f6 Rg5+ 47. Kh4 Bxf6 48. Qxf6+ Kh7 49. Qf7+ Rg7 50. Qf6 Rg6 51. Qf7+ Rg7 52. Qf5+ Kg8 53. Qf6 Kh7 54. Qf5+ Kg8 55. Qf6 Kh7 56. e7 Be8 57. Qf5+ Kh8 58. Qf8+ Rg8 59.
Qxh6# 1-0

[Event "*** Titled Tuesday Blitz"]
[Site "Chess.com"]
[Date "2021.03.30"]
[Round "7"]
[White "McCarthyStone"]
[Black "MPGM"]
[Result "0-1"]
[WhiteElo "2416"]
[BlackElo "2575"]
[TimeControl "180+1"]
[EndTime "11:19:21 PDT"]
[Termination "MPGM won by resignation"]

1. e4 e5 2. Nf3 Nc6 3. Nc3 Nf6 4.
d4 exd4 5. Nd5 Be7 6. Bf4 d6 7. Nxd4 Nxd5 8. exd5 Nxd4 9. Qxd4 O-O 10. Qd2 Bf6 11.
O-O-O a5 12. Bd3 a4 13. a3 c6 14. dxc6 bxc6 15. Bxd6 Qb6 16. Qb4 Qxb4 17. Bxb4 Re8 18.
Rhe1 Be6 19. Be4 Rac8 20. Bc5 h5 21. f3 h4 22. Rd6 Bd5 23. Bf2 Be5 24. Rd7 Bxh2 25.
Bxh4 Bf4+ 26. Kd1 g5 27. Bf2 Be6 28. Rd3 c5 29. Bd5 Bf5 30. Rxe8+ Rxe8 31. Be4 Bxe4 32. fxe4 Rxe4 33. Bxc5 Be5 34. b4 axb3 35. cxb3 f5 36. a4 Kf7 37. a5 Rh4 38. Kc2 Rh8 39. b4 Ke6 40. b5 Rc8 41. Kb3 Rxc5 42. Kb4 Bd6 43.
b6 Rd5+ 44. Kc4 Rc5+ 45. Kb4 Rd5+ 46. Kc4 Rxa5 47. Rb3 Rc5+ 48. Kd4 Rc8 49. b7 Rb8 50. Rb5 g4 51. Rb6 f4 52. Rb5 Kd7 53. Kd5 Bc7 54. Rb4 Rf8 55. Ke4 f3 56. gxf3 gxf3 57. Rd4+ Kc6 58. Rd1 f2 59. Rf1 Kxb7 60. Ke3 Ba5 61. Ke2 Bb6 62. Kd3 Kc6 63. Ke2 Bc5 64. Kd3 Kd5 65. Ke2 Bd4 66. Rc1 Ke4 67. Rb1 Rg8 68. Rf1 Rg1 0-1

[Event "*** Titled Tuesday Blitz"]
[Site "Chess.com"]
[Date "2021.03.30"]
[Round "7"]
[White "OK97"]
[Black "EvgenyT"]
[Result "0-1"]
[WhiteElo "2797"]
[BlackElo "2925"]
[TimeControl "180+1"]
[EndTime "11:19:22 PDT"]
[Termination "EvgenyT won by resignation"]

1. d4 Nf6 2. c4 e6 3. Nc3 Bb4 4. f3 d5 5. a3 Bd6 6. e4 c5 7.
dxc5 Bxc5 8. e5 Nfd7 9. f4 Nb6 10. b4 Bxg1 11. Rxg1 Nxc4 12. Bxc4 dxc4 13. Qxd8+ Kxd8 14.
Be3 b6 15. Nb5 Bd7 16. Nd6 Ke7 17. Nxc4 Rc8 18. Rc1 Bb5 19. Nd6 Rxc1+ 20. Bxc1 Bc6 21.
b5 Bd5 22. Bd2 Nd7 23. Bb4 f6 24. Kf2 a5 25. bxa6 Rxa6 26. Rc1 fxe5 27. fxe5 Nc5 28. Bxc5 bxc5 29. Rxc5 Rxa3 30. Rc7+ Kf8 31. Rc8+ Ke7 32.
Rc7+ Kf8 33. Rf7+ Kg8 34. g3 h6 35. h4 Ra2+ 36. Ke3 Rg2 37. Rd7 Rxg3+ 38. Kd4 Rg4+ 39. Kc5 Rxh4 40. Rd8+ Kh7 41. Ne8 Rc4+ 42. Kd6 Rc6+ 43. Ke7 Kg6 44. Rd7 h5 45. Kf8 h4 46. Rxg7+ Kf5 47. Rh7 Kg5 48. Rg7+ Kf4 49. Rh7 Kg3 50. Nf6 Rc8+ 51. Ke7 Rc7+ 52. Nd7 Bc6 53. Kxe6 h3 54. Kd6 Rxd7+ 55. Rxd7 Bxd7 56. Kxd7 h2 57. e6 h1=Q 58. e7 Qd5+ 59. Kc7 Qe6 60. Kd8 Qd6+ 61. Ke8 Kg4 62.
Kf7 Qd5+ 63. Kf8 Qf5+ 64. Kg7 Qe6 65. Kf8 Qf6+ 0-1

[Event "*** Titled Tuesday Blitz"]
[Site "Chess.com"]
[Date "2021.03.30"]
[Round "7"]
[White "MergenKakabaev"]
[Black "ehrenfeld"]
[Result "1-0"]
[WhiteElo "2394"]
[BlackElo "2500"]
[TimeControl "180+1"]
[EndTime "11:19:23 PDT"]
[Termination "MergenKakabaev won by resignation"]

1. e4 e5 2. Nf3 Nc6 3. Bb5 a6 4. Ba4 Nf6 5. O-O Be7 6. Re1 b5 7. Bb3 d6 8. c3 O-O 9. h3 Na5 10. Bc2 c5 11. d4 Qc7 12. Nbd2 Bd7 13. b3 cxd4 14. cxd4 Rac8 15. dxe5 dxe5 16. b4 Bxb4 17. Bb3 Nxb3 18. Qxb3 Bc3 19. Bb2 b4 20. Rac1 Be6 21.
Qa4 Qb6 22. Bxc3 bxc3 23. Nb1 Rc4 24. Qa3 Nxe4 25. Re3 c2 26. Nbd2 Nxd2 27. Nxd2 Rc5 28.
Rc3 Rxc3 29. Qxc3 Rc8 30. Qxe5 Bxa2 31. Rxc2 Qe6 32. Rxc8+ Qxc8 33. Ne4 h6 34. Nd6 Qe6 35. Qc5 Bd5 36. g4 Qe1+ 37. Kh2 Qh1+ 38. Kg3 Qg2+ 39. Kf4 Qf3+ 40. Ke5 Be6 41. Ne4 Qb3 42. Kf4 Qxh3 43.
f3 Qh2+ 44. Ke3 Qb8 45. Nd6 Qa8 46. Qe5 a5 47. f4 a4 48. f5 Bd5 49. f6 g6 50. g5 h5 51. Nb5 Be6 52. Nc7 Qa7+ 53. Kd2 Qf2+ 54. Kc3 Qf3+ 55. Kb4 Qc6 56. Nxe6 fxe6 57.
Qb8+ Kf7 58. Qa7+ 1-0

[Event "*** Titled Tuesday Blitz"]
[Site "Chess.com"]
[Date "2021.03.30"]
[Round "7"]
[White "Taktikmonster"]
[Black "IljaJoke"]
[Result "1-0"]
[WhiteElo "2381"]
[BlackElo "2498"]
[TimeControl "180+1"]
[EndTime "11:19:23 PDT"]
[Termination "Taktikmonster won on time"]

1. e4 c5 2. Nf3 d6 3. d4 cxd4 4. Nxd4 Nf6 5. Nc3 a6 6. Be2 e5 7. Nb3 Be7 8. Be3 Be6 9. O-O O-O 10. Qd3 Nbd7 11. Nd5 Bxd5 12. exd5 h5 13. h3 g6 14. c4 a5 15. Nd2 Nh7 16. f4 f5 17. fxe5 Nxe5 18.
Qb3 Bg5 19. Nf3 Bxe3+ 20. Qxe3 Re8 21. Qd4 Nxf3+ 22. Bxf3 Qf6 23. Qxf6 Nxf6 24. Rfe1 Kf7 25. Kf2 b6 26. b3 g5 27. g3 g4 28. hxg4 hxg4 29.
Bg2 Nh5 30. Re6 Rad8 31. Rae1 Ng7 32. Rxe8 Rxe8 33. Rh1 Kg6 34. a3 Nh5 35. b4 axb4 36. axb4 Ra8 37. c5 Ra2+ 38. Ke3 Rxg2 39. c6 Rc2 40.
Kd3 Ra2 41. Re1 Nxg3 42. Re6+ Kf7 43. Rxd6 Ra7 44. Kc4 Ne4 45. Rh6 g3 46. Rh7+ Kg6 47.
Rxa7 g2 48. Ra1 Nd2+ 49. Kb5 Nf1 50. c7 g1=Q 51. c8=Q Kf6 52. Qf8+ Ke5 53. Re1+ Kf4 54. Qh6+ Kf3 55. Qh3+ Kf2 56. Rxf1+ Qxf1+ 57. Qxf1+ Kxf1 58. d6 f4 59. d7 f3 60. d8=Q f2 61. Qf6 Kg1 62.
Qxf2+ Kxf2 63. Kxb6 1-0

[Event "*** Titled Tuesday Blitz"]
[Site "Chess.com"]
[Date "2021.03.30"]
[Round "7"]
[White "stepakyedael"]
[Black "Nachsueb"]
[Result "0-1"]
[WhiteElo "2265"]
[BlackElo "2163"]
[TimeControl "180+1"]
[EndTime "11:19:23 PDT"]
[Termination "Nachsueb won by checkmate"]

1. d4 Nf6 2. c4 e6 3. Nf3 d5 4.
e3 Be7 5. g4 c6 6. g5 Ne4 7. h4 Nd7 8. Nc3 Bb4 9. Qc2 Qa5 10.
Bd2 Nxd2 11. Nxd2 Nb6 12. Bd3 dxc4 13. Nxc4 Nxc4 14. Bxc4 Bd7 15. a3 e5 16. O-O-O Bxc3 17. Qxc3 Qxc3+ 18. bxc3 exd4 19. exd4 O-O 20. Rhe1 Rfe8 21.
Kd2 Bg4 22. Rxe8+ Rxe8 23. Re1 Rxe1 24. Kxe1 Kf8 25. Kd2 Ke7 26. Ke3 f6 27. Kf4 Bd1 28. Bg8 Bc2 29. c4 b5 30. gxf6+ Kxf6 31. cxb5 cxb5 32.
d5 a5 33. d6 b4 34. axb4 axb4 35. Ke3 Ba4 36. Kd4 h6 37. Bc4 b3 38. Kc3 Ke5 39. d7 Bxd7 40. Bxb3 Kf4 41. h5 Be8 42. Bd1 Kg5 43.
Kd4 Bxh5 44. f3 Kf4 45. Kc5 Bxf3 46. Bc2 g5 47. Kd6 g4 48. Ke6 h5 49. Bg6 h4 50.
Bh5 h3 51. Kf6 g3 52. Kg7 Bxh5 53. Kh6 Be2 54. Kh7 g2 55. Kg7 g1=Q+ 56. Kf6 Qg5+ 57. Kf7 Qh6 58. Ke7 Qg6 59. Kd7 Qf6 60.
Ke8 Qg7 61. Kd8 Ke5 62. Kc8 Kd6 63. Kb8 Kc6 64. Ka8 Qb7# 0-1

[Event "*** Titled Tuesday Blitz"]
[Site "Chess.com"]
[Date "2021.03.30"]
[Round "7"]
[White "UKR_Master"]
[Black "esapunov"]
[Result "0-1"]
[WhiteElo "2563"]
[BlackElo "2738"]
[TimeControl "180+1"]
[EndTime "11:19:25 PDT"]
[Termination "esapunov won by resignation"]

1. e4 c5 2. Nf3 d6 3. d4 cxd4 4. Nxd4 Nf6 5. f3 Nc6 6. c4 Nxd4 7. Qxd4 g6 8. Nc3 Bg7 9. Be3 O-O 10. Qd2 a5 11.
Be2 a4 12. Rc1 Qa5 13. O-O Bd7 14. Rfd1 Rfc8 15. Rc2 Be6 16. Rdc1 Kf8 17. Nd5 Qxd2 18. Bxd2 Nxd5 19. cxd5 Bd7 20. Rxc8+ Rxc8 21. Rxc8+ Bxc8 22. Bb5 Bxb2 23. Bxa4 f5 24. Kf2 Kf7 25. Ke3 g5 26. Kd3 Kf6 27. Be1 h5 28. h4 fxe4+ 29. fxe4 Be5 30. Be8 Bg4 31. a4 e6 32. a5 exd5 33. exd5 Ke7 34. Bg6 Kf6 35. Be8 Bf5+ 36. Kc4 Be4 37.
Bxh5 Bxg2 38. hxg5+ Kxg5 39. Bf7 Bf1+ 40. Kb4 Kf4 41. Bh4 Ke4 42. Bd8 Ba6 43. Bb6 Bd4 44. Bd8 Kd3 45. Bc7 Bc5+ 46. Ka4 Kd4 47. Bd8 Bd3 48. Bc7 Kc4 49. a6 bxa6 50. Ka5 Kd4 51. Be6 Bb5 52. Bf7 Kc4 53. Be6 Kd4 54. Bf7 Ke5 55.
Bg8 Bf2 56. Be6 Bc4 57. Bf7 Be1+ 58. Kb6 a5 59. Kb7 a4 60. Kc8 a3 61. Kd7 Bb4 62.
Bxd6+ Bxd6 63. Bg6 0-1

[Event "*** Titled Tuesday Blitz"]
[Site "Chess.com"]
[Date "2021.03.30"]
[Round "7"]
[White "Niktlt"]
[Black "ChelsieMonica"]
[Result "1-0"]
[WhiteElo "2585"]
[BlackElo "2397"]
[TimeControl "180+1"]
[EndTime "11:19:26 PDT"]
[Termination "Niktlt won by resignation"]

1. c4 Nf6 2. Nc3 Nc6 3. Nf3 e5 4. e4 Bc5 5. Nxe5 Nxe5 6. d4 Bd6 7. c5 Bxc5 8. dxe5 Ng8 9. Bc4 d6 10. O-O Be6 11. Bxe6 fxe6 12. exd6 Qxd6 13. Qg4 Qe7 14. Bg5 Nf6 15. Qf3 Bd4 16. e5 Bxe5 17. Rfe1 Bxc3 18. bxc3 O-O 19. Qxb7 Rae8 20. Qxa7 h6 21. Bh4 Qf7 22. Bg3 Nd5 23. c4 Nf4 24. a4 Nd3 25.
Re2 e5 26. Qe3 Qxc4 27. Qe4 Qa6 28. a5 Kh8 29. Rd2 Nf4 30. Rc2 c5 31. Qc4 Qa8 32. Bxf4 exf4 33. a6 f3 34. g3 Rf6 35. a7 Rfe6 36.
Rcc1 Re5 37. h4 h5 38. Qf4 Kh7 39. Qf7 Qe4 40. Qa2 Qg4 41. Qc2+ g6 42. Qd3 Kh6 43. a8=Q Rxa8 44. Rxa8 Rf5 45. Ra3 Qh3 46. Qf1 Qg4 47.
Rac3 Qd4 48. Rc4 Qd6 49. R1c3 g5 50. Rc1 gxh4 51. Rxh4 Rg5 52. Rh3 Qe6 53. Kh2 h4 54.
Rxh4+ Kg7 55. Re1 Qg6 56. Qc4 Rh5 57. Re7+ Kf8 58. Qf7+ Qxf7 59. Rxf7+ Kxf7 60. Rxh5 Ke6 61. Rxc5 1-0

[Event "*** Titled Tuesday Blitz"]
[Site "Chess.com"]
[Date "2021.03.30"]
[Round "7"]
[White "GM_Crest"]
[Black "Sergey85Rodchenkov"]
[Result "0-1"]
[WhiteElo "2709"]
[BlackElo "2534"]
[TimeControl "180+1"]
[EndTime "11:19:27 PDT"]
[Termination "Sergey85Rodchenkov won on time"]

1. d4 Nf6 2. c4 e6 3. Nc3 Bb4 4. Qc2 O-O 5. a3 Bxc3+ 6. Qxc3 d6 7. f3 Nh5 8. Nh3 f5 9. e3 Nc6 10. b4 Qe7 11. b5 Nd8 12. a4 Bd7 13. Be2 a6 14.
O-O Nf7 15. Bb2 e5 16. dxe5 dxe5 17. c5 Nf6 18. Nf2 axb5 19. axb5 Nd5 20. Qb3 c6 21.
Rac1 Be6 22. Bc4 Rfd8 23. Nd3 e4 24. fxe4 fxe4 25. Nf4 Nxf4 26. Rxf4 Bd5 27. Bxd5 Rxd5 28. Bd4 Ng5 29. Rf5 Rd8 30. Rcf1 Ne6 31. Bb2 Qxc5 32.
Rxd5 Qxd5 33. Qc3 Qc5 34. Qb3 Rd5 35. bxc6 Qxc6 36. h3 b5 37. Rc1 Qd7 38. Qc3 h6 39. Ra1 Kh7 40. Ra6 Rd6 41. Ra8 Rd1+ 42. Kh2 Qd6+ 43.
Qe5 Qxe5+ 44. Bxe5 Rd5 45. Bb2 Rd2 46. Be5 Rd5 47. Bb2 Rd2 48. Be5 b4 49. Re8 Nc5 50. Re7 Rd7 51. Re8 Nd3 52. Bd4 b3 53. Bc3 Rb7 54.
Rxe4 b2 55. Bxb2 Nxb2 56. Rd4 Rb5 57. e4 Rb3 58. g4 Nd3 59. h4 Nc5 0-1

[Event "*** Titled Tuesday Blitz"]
[Site "Chess.com"]
[Date "2021.03.30"]
[Round "7"]
[White "Ze-Pequeno"]
[Black "viktorgen2021"]
[Result "1-0"]
[WhiteElo "2211"]
[BlackElo "2269"]
[TimeControl "180+1"]
[EndTime "11:19:29 PDT"]
[Termination "Ze-Pequeno won by checkmate"]

1. e4 c6 2. d4 d5 3. Nc3 dxe4 4. Nxe4 Nf6 5. Nxf6+ exf6 6. c3 Bd6 7. Bd3 O-O 8. Qc2 Re8+ 9. Ne2 h5 10. O-O h4 11.
h3 Qc7 12. Bd2 Nd7 13. c4 c5 14. Rad1 b6 15. Bh7+ Kh8 16. Be4 Bb7 17. Bxb7 Qxb7 18.
Be3 cxd4 19. Nxd4 Bc5 20. Qf5 Kg8 21. Nb5 Ne5 22. Bxc5 bxc5 23. Nd6 Qxb2 24. Nxe8 Rxe8 25. Rfe1 Rf8 26. f4 Nxc4 27. Qxc5 Nd2 28. Qf2 Rd8 29. Kh1 Qc2 30. Rxd2 Qxd2 31. Re8+ Kh7 32. Qxh4+ Kg6 33. Qg4+ Kh6 34. Qh4+ Kg6 35. Rxd8 Qxd8 36. Qg4+ Kh6 37. Qh4+ Kg6 38. Kh2 Qd2 39. Qg4+ Kh7 40. Qh5+ Kg8 41. Qg4 Qxa2 42. Qc8+ Kh7 43. Qf5+ g6 44. Qxf6 Qd5 45.
Qh4+ Kg7 46. Qe7 a5 47. Qa3 Qb5 48. Qc3+ Kh7 49. Qf6 Qb3 50. h4 a4 51. h5 a3 52.
hxg6+ fxg6 53. Qh4+ Kg8 54. Qe7 a2 55. Qd8+ Kf7 56.
Qd7+ Kf6 57. Qd6+ Qe6 58. Qd4+ Kf7 59. Qa7+ Kg8 60. Qb8+ Kh7 61. Qa7+ Kh6 62. Qd4 Qa6 63. Qh8# 1-0

[Event "*** Titled Tuesday Blitz"]
[Site "Chess.com"]
[Date "2021.03.30"]
[Round "7"]
[White "chenrip"]
[Black "KrolPawel92OnTwitch"]
[Result "1/2-1/2"]
[WhiteElo "2489"]
[BlackElo "2618"]
[TimeControl "180+1"]
[EndTime "11:19:30 PDT"]
[Termination "Game drawn by repetition"]

1. e4 c5 2. Nf3 e6 3. g3 Nf6 4.
Nc3 d6 5. Bg2 Be7 6. O-O O-O 7. d4 cxd4 8. Nxd4 a6 9. Be3 Nbd7 10.
f4 Qc7 11. Kh1 b6 12. e5 dxe5 13. Bxa8 exd4 14. Bxd4 Bb7+ 15. Bxb7 Qxb7+ 16. Qf3 Qc7 17. Rad1 b5 18. Rf2 Rc8 19. Ne4 Nd5 20. c3 a5 21. Rfd2 N7b6 22. f5 Nc4 23. Re2 e5 24. Bg1 Rd8 25. b3 Na3 26. f6 Nxf6 27. Nxf6+ Bxf6 28. Red2 Rxd2 29. Rxd2 h6 30. Qe4 Qxc3 31. Rd6 Qc2 32.
Qxc2 Nxc2 33. Rd5 Na3 34. Bc5 b4 35. Bb6 e4 36. Kg2 Bc3 37. Rd8+ Kh7 38. Re8 f5 39. Bxa5 Nc2 40. a4 Nd4 41. Rb8 e3 42. Bxb4 Bxb4 43. Rxb4 e2 44. Kf2 e1=Q+ 45. Kxe1 Nc2+ 46. Kd2 Nxb4 47. Kc3 Na6 48. b4 g5 49. b5 Nc5 50.
a5 f4 51. gxf4 gxf4 52. a6 Na4+ 53. Kb4 Nb6 54. Kc5 Na4+ 55. Kb4 f3 56. a7 Nb6 57. Kc5 Na8 58. b6 f2 59. b7 f1=Q 60. bxa8=Q Qf2+ 61. Kd6 Qxh2+ 62. Kd7 Qh3+ 63. Kc7 Qc3+ 64. Kb7 Qf3+ 65. Kb8 Qf8+ 66. Kb7 Qe7+ 67. Kb8 Qd6+ 68. Kb7 Qb4+ 69. Kc8 Qc5+ 70. Kb8 Qd6+ 71. Kb7 Qd7+ 72. Kb6 Qd4+ 73. Ka6 Qa4+ 74. Kb6 Qb4+ 75. Ka6 Qa4+ 76. Kb6 Qb4+ 77. Ka6 Qa4+ 1/2-1/2

[Event "*** Titled Tuesday Blitz"]
[Site "Chess.com"]
[Date "2021.03.30"]
[Round "7"]
[White "Raud100"]
[Black "Titus369"]
[Result "1-0"]
[WhiteElo "2406"]
[BlackElo "2513"]
[TimeControl "180+1"]
[EndTime "11:19:32 PDT"]
[Termination "Raud100 won by checkmate"]

1. d4 d5 2. c4 e6 3. Nc3 Nf6 4. Bg5 Be7 5. e3 h6 6. Bh4 O-O 7. Nf3 b6 8. Bd3 Bb7 9. O-O dxc4 10. Bxc4 c5 11. Qe2 Nbd7 12. Rfd1 Rc8 13. Ba6 Bxa6 14. Qxa6 Qc7 15. Bg3 Qc6 16. Qxa7 Ra8 17. Qc7 Qxc7 18.
Bxc7 Rfc8 19. Bg3 cxd4 20. Nxd4 Nc5 21. f3 Na6 22. Rac1 Nb4 23. a3 Nbd5 24. Nxd5 Nxd5 25.
Bf2 Bg5 26. f4 Bf6 27. Rxc8+ Rxc8 28. g3 Bxd4 29. Rxd4 Rc1+ 30. Kg2 Rc2 31. Kf3 Rxb2 32. e4 Rb3+ 33. Ke2 Nc3+ 34. Kd2 Nb5 35. Rb4 Rxb4 36. axb4 Nd6 37. Kd3 b5 38. Kd4 f6 39. e5 Nb7 40. exf6 gxf6 41. f5 Kf7 42. g4 exf5 43.
gxf5 Nd6 44. Kc5 Ne4+ 45. Kxb5 Nxf2 46. Kc6 Ke7 47. b5 Nd3 48. b6 Ne5+ 49. Kc7 Nd7 50. b7 Ke8 51. Kd6 Kd8 52. Ke6 Ke8 53. h4 Kd8 54. h5 Kc7 55. Kf7 Kxb7 56. Kg6 Kb6 57. Kxh6 Kc6 58. Kg6 Kd6 59. h6 Ke7 60. h7 Nf8+ 61.
Kg7 Nxh7 62. Kxh7 Ke8 63. Kg6 Ke7 64. Kg7 Ke8 65. Kxf6 Kf8 66. Ke6 Ke8 67. f6 Kf8 68. f7 Kg7 69. Ke7 Kg6 70. f8=Q Kh7 71. Qf4 Kg6 72. Ke6 Kh5 73. Qg3 Kh6 74. Kf6 Kh7 75. Qg7# 1-0

[Event "*** Titled Tuesday Blitz"]
[Site "Chess.com"]
[Date "2021.03.30"]
[Round "7"]
[White "dropstoneDP"]
[Black "moro182"]
[Result "0-1"]
[WhiteElo "2923"]
[BlackElo "2741"]
[TimeControl "180+1"]
[EndTime "11:19:35 PDT"]
[Termination "moro182 won by resignation"]

1. e4 g6 2. d4 Bg7 3. Nf3 d6 4. Bb5+ c6 5. Be2 Nf6 6. Nc3 O-O 7. O-O a6 8. a4 Nbd7 9. a5 e5 10. dxe5 Nxe5 11. Bf4 Qe7 12. Qd2 Bg4 13. Nd4 Bxe2 14. Qxe2 Rfe8 15. Rfe1 Ned7 16. Nb3 Nh5 17. Bd2 Rad8 18.
Qf1 Be5 19. f4 Bg7 20. g3 Nhf6 21. Qf3 h5 22. Re2 Qe6 23. Kg2 Qg4 24. h3 Qxf3+ 25. Kxf3 Nh7 26. Be3 Bxc3 27. bxc3 Nhf6 28. Bd4 c5 29. Bf2 Nb8 30. g4 hxg4+ 31. hxg4 g5 32. fxg5 Nfd7 33. Bg3 Ne5+ 34. Bxe5 Rxe5 35. Rd1 Nc6 36.
Red2 c4 37. Nd4 Nxd4+ 38. Rxd4 Rxa5 39. Kf4 Ra2 40. R1d2 b5 41. Kf5 Kg7 42. e5 d5 43.
g6 fxg6+ 44. Ke6 Ra1 45. Ke7 Rf8 46. Rxd5 Re1 47. e6 Rf6 48. Rd6 g5 49. Kd7 a5 50.
R2d5 b4 51. Rxa5 b3 52. cxb3 cxb3 53. Rb5 Re3 54. Rxb3 Rf8 55. Rb7 Kg6 56. e7+ Rf6 57. Kd8 Rxd6+ 58. Rd7 Rxd7+ 59. Kxd7 Rd3+ 60. Ke8 Rxc3 61. Kf8 Rf3+ 62. Kg8 Re3 63. Kf8 Kf6 64. e8=Q Rxe8+ 65. Kxe8 Ke5 0-1

[Event "*** Titled Tuesday Blitz"]
[Site "Chess.com"]
[Date "2021.03.30"]
[Round "7"]
[White "KNVB"]
[Black "utsavp"]
[Result "1/2-1/2"]
[WhiteElo "2634"]
[BlackElo "2306"]
[TimeControl "180+1"]
[EndTime "11:19:36 PDT"]
[Termination "Game drawn by repetition"]

1. e4 c5 2. Nf3 Nf6 3. e5 Nd5 4.
Nc3 Nxc3 5. dxc3 e6 6. Bd3 d5 7.
exd6 Qxd6 8. Qe2 Nc6 9. Bg5 Be7 10. Bxe7 Qxe7 11. O-O-O Bd7 12. Ne5 O-O-O 13. f4 Nxe5 14. Qxe5 Bc6 15. Rhe1 Qc7 16. g3 Qxe5 17. Rxe5 b6 18.
f5 Bd7 19. fxe6 Bxe6 20. b4 c4 21. Be2 Rxd1+ 22. Kxd1 Rd8+ 23. Ke1 Kc7 24. h4 Rd5 25. Re4 b5 26. a4 a6 27. a5 Kd6 28. Bf3 Re5 29.
Kd2 Rxe4 30. Bxe4 Bd5 31. Bxh7 g6 32. g4 Bf3 33. h5 gxh5 34. gxh5 Bxh5 35. Be4 Kc7 36.
Ke3 Bg6 37. Bd5 f6 38. Kd4 Bxc2 39. Bf3 Bf5 40. Kd5 Bc8 41. Kd4 Kd6 42. Be4 f5 43. Bf3 f4 44. Be4 Bd7 45. Bf3 Bc6 46. Bxc6 Kxc6 47.
Ke4 Kd6 48. Kxf4 Kd5 49. Kf5 Kd6 50. Kf6 Kd5 51. Kf5 Kd6 52. Kf4 Ke6 53. Ke4 Kd6 54. Kd4 Kc6 55. Ke5 Kc7 56. Ke6 Kc6 57. Ke7 Kc7 58.
Ke6 Kc6 59. Ke5 Kc7 60. Kd4 Kd6 61. Ke4 Ke6 62. Kd4 Kd6 63. Ke4 Kc6 64. Ke5 1/2-1/2